 Dungeon Crawl Stone Soup version 0.29-a0-557-g43b9904bd1 (webtiles) character file.

Game seed: 13665305771503719723

168 DocClef the Covert (level 5, -2/47 HPs)
             Began as a Gnoll Delver on June 8, 2022.
             Slain by a gnoll
             ... wielding a +0 flail
              (7 damage)
             ... on level 3 of the Dungeon.
             The game lasted 00:00:56 (951 turns).

DocClef the Covert (Gnoll Delver)                    Turns: 951, Time: 00:00:57

Health: -2/47      AC:  3    Str: 11    XL:     5   Next: 48%
Magic:  7/7        EV: 13    Int: 10    God:
Gold:   59         SH:  0    Dex: 15    Spells: 7/7 levels left

rFire   . . .      SeeInvis +   a - +0 short sword
rCold   . . .      Faith    .   (no shield)
rNeg    . . .      Spirit   .   b - +0 leather armour
rPois   .          Reflect  .   (no helmet)
rElec   .          Harm     .   (no cloak)
rCorr   .          Rampage  .   (no gloves)
Will    .....                   (no boots)
Stlth   ++++......              (no amulet)
HPRegen 0.15/turn               i - ring of see invisible
MPRegen 0.10/turn               (no ring)

@: no status effects
A: fangs 1, strong nose, distributed training
a: no special abilities


You were on level 3 of the Dungeon.
You visited 1 branch of the dungeon, and saw 3 of its levels.

You collected 59 gold pieces.

Inventory:

Hand Weapons
 a - a +0 short sword (weapon)
Armour
 b - a +0 leather armour (worn)
Jewellery
 i - a ring of see invisible (left hand)
Wands
 g - a wand of digging (3)
Scrolls
 c - a scroll of fog
 d - a scroll of magic mapping
 e - a scroll of fear
 h - 2 scrolls of teleportation {unknown}
Potions
 f - a potion of haste


   Skills:
 + Level 6.7 Fighting
 + Level 4.8 Short Blades
 + Level 1.5 Long Blades
 + Level 1.5 Axes
 + Level 1.5 Maces & Flails
 + Level 1.5 Polearms
 + Level 1.5 Staves
 + Level 1.5 Slings
 + Level 1.5 Bows
 + Level 1.5 Crossbows
 + Level 1.5 Throwing
 + Level 1.5 Armour
 + Level 4.8 Dodging
 + Level 9.7 Stealth
 + Level 1.5 Shields
 + Level 1.5 Unarmed Combat
 + Level 1.5 Spellcasting
 + Level 1.2 Conjurations
 + Level 1.2 Hexes
 + Level 1.2 Summonings
 + Level 1.2 Necromancy
 + Level 1.2 Translocations
 + Level 1.2 Transmutations
 + Level 1.2 Fire Magic
 + Level 1.2 Ice Magic
 + Level 1.2 Air Magic
 + Level 1.2 Earth Magic
 + Level 1.2 Poison Magic
 + Level 1.7 Invocations
 + Level 1.5 Evocations


You had 7 spell levels left.
You didn't know any spells.
Your spell library was empty.

Dungeon Overview and Level Annotations

Branches:
Dungeon (5/15)
 Temple: D:4-7

Altars:


Innate Abilities, Weirdness & Mutations

You have very sharp teeth.
Your uncanny sense of smell can sniff out nearby items.
Your experience applies equally to all skills.


Message History

The gnoll shouts!
You hit the adder.
The adder is moderately wounded.
The adder misses you.
You hit the adder.
The adder is severely wounded.
The gnoll hits you from afar with a +0 spear.
The adder bites you.
You are poisoned.
The adder poisons you!
You hit the adder. Your bite misses the adder.
The adder is almost dead.
You feel sick. The adder misses you.
The gnoll hits you from afar with a +0 spear.
A gnoll comes into view. It is wielding a +0 spear.
You closely miss the adder.
The adder is almost dead.
You feel sick. The adder misses you. The gnoll hits you but does no damage.
The gnoll hits you from afar with a +0 spear.
You barely miss the adder.
The adder is almost dead.
You feel sick. The adder bites you. The gnoll hits you with a +0 flail.
The gnoll closely misses you. The adder closely misses you.
You barely miss the adder.
The adder is almost dead.
You feel sick. The gnoll hits you with a +0 flail!
The gnoll hits you from afar with a +0 spear!
* * * LOW HITPOINT WARNING * * *
The adder bites you.
* * * LOW HITPOINT WARNING * * *
The gnoll attacks as you move away! The gnoll misses you.
You feel sick. The gnoll attacks as you move away!
The gnoll closely misses you.
You feel sick. The adder attacks as you move away! The adder bites you.
* * * LOW HITPOINT WARNING * * *
You feel sick.
You are no longer poisoned.
The adder bites you but does no damage. The gnoll attacks as you move away!
The gnoll hits you with a +0 flail!
You die...

.... ... .## ## .. ...##. ∆
g# .## #..#.# ####g##....
#...###..........
####....#..g........
##.....#...S.##.##...
##..>......@g....... .
##...................
#.)....................
#####.........?............
#..>.......................
#........................
#........................
#.......................
#............#........


You could see 4 gnolls and an adder.

Vanquished Creatures
  A centaur (D:4)
  A howler monkey (D:5)
  A jelly (D:5)
  An adder (D:5)
  An ufetubus (D:4)
  A dart slug (D:5)
  An orc (D:5)
  A hobgoblin (D:4)
  A kobold (D:4)
9 creatures vanquished.

Notes
Turn   | Place    | Note
-------+----------+-------------------------------------------
     0 | D:5      | Reached skill level 9 in Stealth
     0 | D:5      | DocClef the Gnoll Delver began the quest for the Orb.
     0 | D:5      | Reached XP level 1. HP: 23/23 MP: 1/1
     9 | D:5      | Noticed a jelly
    19 | D:5      | Killed a jelly
    20 | D:5      | Reached XP level 2. HP: 15/29 MP: 2/2
    20 | D:5      | Reached XP level 3. HP: 18/35 MP: 3/3
   293 | D:5      | Reached skill level 1 in Invocations
   364 | D:5      | Reached skill level 1 in Long Blades
   364 | D:5      | Reached skill level 1 in Axes
   364 | D:5      | Reached skill level 1 in Maces & Flails
   364 | D:5      | Reached skill level 1 in Polearms
   364 | D:5      | Reached skill level 1 in Staves
   364 | D:5      | Reached skill level 1 in Slings
   364 | D:5      | Reached skill level 1 in Bows
   364 | D:5      | Reached skill level 1 in Crossbows
   364 | D:5      | Reached skill level 1 in Throwing
   364 | D:5      | Reached skill level 1 in Armour
   364 | D:5      | Reached skill level 1 in Shields
   364 | D:5      | Reached skill level 1 in Unarmed Combat
   364 | D:5      | Reached skill level 1 in Spellcasting
   364 | D:5      | Reached skill level 1 in Evocations
   364 | D:5      | Reached XP level 4. HP: 26/41 MP: 5/5
   379 | D:4      | Noticed a centaur
   662 | D:4      | Killed a centaur
   663 | D:4      | Reached skill level 1 in Conjurations
   663 | D:4      | Reached skill level 1 in Hexes
   663 | D:4      | Reached skill level 1 in Summonings
   663 | D:4      | Reached skill level 1 in Necromancy
   663 | D:4      | Reached skill level 1 in Translocations
   663 | D:4      | Reached skill level 1 in Transmutations
   663 | D:4      | Reached skill level 1 in Fire Magic
   663 | D:4      | Reached skill level 1 in Ice Magic
   663 | D:4      | Reached skill level 1 in Air Magic
   663 | D:4      | Reached skill level 1 in Earth Magic
   663 | D:4      | Reached skill level 1 in Poison Magic
   663 | D:4      | Reached XP level 5. HP: 47/47 MP: 5/7
   951 | D:3      | Slain by a gnoll

Illustrated notes

Levels and vault maps discovered:
D:3:      layout_rooms, mainiacjoe_overflow_big_doors
D:4:      layout_layer_cave
D:5:      nicolae_cairo_tiling, layout_basic, grunt_ministairs_9

Skill      XL: |  1  2  3  4 |
---------------+-------------+-----
Stealth        | |  9.7
Invocations    | 1 |  1.7
Long Blades    | 1 |  1.5
Axes           | 1 |  1.5
Maces & Flails | 1 |  1.5
Polearms       | 1 |  1.5
Staves         | 1 |  1.5
Slings         | 1 |  1.5
Bows           | 1 |  1.5
Crossbows      | 1 |  1.5
Throwing       | 1 |  1.5
Armour         | 1 |  1.5
Shields        | 1 |  1.5
Unarmed Combat | 1 |  1.5
Spellcasting   | 1 |  1.5
Evocations     | 1 |  1.5
Conjurations   | 1 |  1.2
Hexes          | 1 |  1.2
Summonings     | 1 |  1.2
Necromancy     | 1 |  1.2
Translocations | 1 |  1.2
Transmutations | 1 |  1.2
Fire Magic     | 1 |  1.2
Ice Magic      | 1 |  1.2
Air Magic      | 1 |  1.2
Earth Magic    | 1 |  1.2
Poison Magic   | 1 |  1.2
Fighting       | |  6.7
Short Blades   | |  4.8
Dodging        | |  4.8

Action                   |  1- 3 |  4- 6 || total
-------------------------+-------+-------++-------
Melee: Short sword       |    20 |    24 ||    44
       Bite              |     4 |     2 ||     6
 Stab: Sleeping          |     1 |     2 ||     3
Armor: Leather armour    |     4 |     7 ||    11
Dodge: Dodged            |    19 |    29 ||    48

Table legend: (Time is in decaauts)
 A = Elapsed time spent in this place.
 B = Non-inter-level travel time spent in this place.
 C = Inter-level travel time spent in this place.
 D = Time resting spent in this place.
 E = Time spent auto-exploring this place.
 F = Levels seen in this place.
 G = Mean time per level.
                   A        B        C        D        E       F      G
               +--------+--------+--------+--------+--------+-----+--------+
         Total |    944 |    932 |     12 |    272 |    533 |   3 |  314.7 |
       Dungeon |    944 |    932 |     12 |    272 |    533 |   3 |  314.7 |
               +--------+--------+--------+--------+--------+-----+--------+

Top non-repeatable levels by time:
     D:4: 516 daAuts
     D:5: 372 daAuts
     D:3: 55 daAuts
